Map: Hills of Peshkov

Players

JohnMcClane - Winner!

  • Race: Protoss Protoss
  • League: Silver
  • Spawn Location: 11:00

JackONeill - Winner!

  • Race: Zerg Zerg
  • Spawn Location: 1:00

Hindulaatti - Winner!

  • Race: Protoss Protoss
  • League: Diamond
  • Spawn Location: 12:00

Lungo

  • Race: Terran Terran
  • League: Platinum
  • Spawn Location: 6:00

Yairou

  • Race: Terran Terran
  • Spawn Location: 5:00

Facerollol

  • Race: Terran Terran
  • Spawn Location: 7:00

VOD

Have the link to the VOD?

Description

Time

  • Played on: Jan. 18, 2016, 12:23 p.m.
  • Length: 9:28
Show
View Real Time Build Order
Export as new Build Order

JohnMcClane Protoss - Winner!

Build Orders: Nexus First, Blink Stalkers 

Get SALT Encoding   

  12  0:01  Probe (Chrono Boost)  
  13  0:11  Probe (Chrono Boost)  
  14  0:24  Pylon  
  14  0:28  Probe (Chrono Boost)  
  15  0:54  Nexus  
  15  0:58  Probe (Chrono Boost)  
  16  1:10  Gateway  
  16  1:14  Probe (Chrono Boost)  
  17  1:19  Assimilator  
  17  1:24  Probe (Chrono Boost)  
  18  1:28  Assimilator  
  18  1:35  Probe (Chrono Boost)  
  19  1:45  Probe (Chrono Boost)  
  20  1:54  Pylon  
  20  1:56  Probe (Chrono Boost)  
  20  1:59  Cybernetics Core  
  21  2:06  Probe (Chrono Boost)  
  21  2:07  Probe (Chrono Boost)  
  23  2:17  Pylon, Probe (Chrono Boost)  
  23  2:20  Probe (Chrono Boost)  
  25  2:29  Forge  
  25  2:35  Warp Gate  
  25  2:38  Mothership Core (Chrono Boost)  
  27  2:48  Twilight Council  
  27  2:53  Probe (Chrono Boost)  
  27  2:56  Probe (Chrono Boost)  
  29  3:04  Probe (Chrono Boost)  
  30  3:06  Probe (Chrono Boost)  
  30  3:11  Gateway  
  31  3:15  Pylon  
  31  3:20  Pylon  
  31  3:29  Blink  
  31  3:30  Probe (Chrono Boost)  
  31  3:33  Protoss Ground Weapons Level 1 (Chrono Boost)  
  33  3:34  Probe (Chrono Boost)  
  33  3:40  Probe (Chrono Boost)  
  34  3:45  Pylon  
  34  3:51  Probe (Chrono Boost)  
  34  3:53  Probe (Chrono Boost)  
  36  3:58  Gateway  
  36  4:02  Probe (Chrono Boost)  
  37  4:03  Probe (Chrono Boost)  
  35  4:18  Probe (Chrono Boost)  
  35  4:19  Assimilator  
  35  4:24  Gateway  
  36  4:25  Gateway  
  36  4:27  Pylon  
  36  4:34  Robotics Facility  
  36  4:51  Probe x2 (Chrono Boost)  
  38  4:53  Pylon  
  38  4:59  Stalker x2  
  42  5:04  Stalker  
  44  5:08  Probe  
  44  5:11  Probe  
  46  5:15  Pylon  
  46  5:19  Probe  
  46  5:21  Warp Prism  
  47  5:23  Pylon  
  47  5:27  Protoss Ground Armor Level 1 (Chrono Boost)  
  49  5:28  Stalker  
  51  5:42  Stalker x2  
  51  5:43  Stalker  
  57  6:02  Stalker x2  
  61  6:12  Probe  
  61  6:13  Probe  
  61  6:16  Assimilator  
  63  6:19  Pylon  
  63  6:24  Stalker x3  
  69  6:28  Stalker x2  
  63  7:07  Stalker x5  
  73  7:18  Protoss Ground Armor Level 2 (Chrono Boost)  
  73  8:09  Stalker x4  
  73  8:10  Stalker  
  83  8:13  Nexus  
  83  8:25  Pylon  
  83  8:27  Assimilator  
  83  8:31  Assimilator  
  83  8:40  Stalker x2  
  83  8:41  Stalker x3  
  83  9:04  Stalker x2  
  83  9:05  Stalker x2  
  83  9:08  Gateway  
  83  9:09  Gateway  
  89  9:12  Gateway  
  89  9:15  Gateway  
  89  9:17  Gateway  
  89  9:18  Pylon  
  89  9:19  Pylon  
Show
View Real Time Build Order
Export as new Build Order

JackONeill Zerg - Winner!

Build Orders: Hatch First 

Get SALT Encoding   

  12  0:04  Drone  
  13  0:09  Drone  
  14  0:17  Overlord  
  14  0:24  Extractor  
  14  0:25  Drone  
  15  0:37  Drone  
  15  0:38  Drone  
  17  0:56  Drone, Hatchery  
  17  1:10  Spawning Pool  
  16  1:13  Drone  
  16  1:17  Extractor  
  16  1:18  Drone  
  16  1:22  Drone  
  18  1:31  Drone  
  19  1:44  Drone  
  20  1:56  Drone  
  21  2:05  Drone  
  21  2:08  Queen  
  24  2:11  Queen  
  27  2:15  Drone x2  
  27  2:19  Metabolic Boost  
  28  2:30  Overlord  
  28  2:31  Overlord  
  28  2:48  Hatchery  
  28  2:50  Zergling x8  
  31  2:57  Queen  
  33  3:04  Zergling x6  
  36  3:14  Zergling x4  
  38  3:20  Zergling x4  
  38  3:21  Zergling x6  
  43  3:27  Overlord  
  43  3:34  Overlord  
  43  3:40  Zergling x2  
  44  3:46  Overlord  
  44  3:47  Zergling x6  
  47  4:09  Queen  
  49  4:10  Drone x3  
  49  4:11  Drone x5  
  49  4:14  Drone  
  58  4:19  Lair  
  58  4:24  Extractor  
  57  4:31  Spore Crawler  
  57  4:33  Spore Crawler  
  57  4:36  Spore Crawler  
  57  4:37  Overlord  
  54  4:43  Drone x2  
  54  4:44  Drone  
  57  5:01  Overlord x2  
  57  5:02  Drone x2  
  57  5:03  Drone x3  
  57  5:05  Drone  
  63  5:13  Evolution Chamber  
  63  5:14  Evolution Chamber  
  61  5:21  Zergling x10  
  63  5:24  Drone  
  67  5:31  Infestation Pit  
  67  5:35  Extractor  
  65  5:36  Overlord, Extractor  
  65  5:40  Extractor  
  65  5:41  Drone x2, Extractor  
  64  5:45  Zerg Melee Weapons Level 1  
  64  5:50  Drone x2  
  64  5:52  Drone  
  67  6:05  Drone x2  
  67  6:06  Drone x4  
  67  6:09  Drone  
  67  6:10  Drone x2  
  67  6:11  Drone  
  77  6:12  Drone  
  77  6:14  Drone  
  57  6:59  Hive  
  57  7:01  Zerg Ground Armor Level 1  
  57  7:03  Drone x3  
  57  7:04  Drone  
  57  7:05  Drone  
  57  7:06  Drone x2  
  57  7:08  Drone x4  
  68  7:09  Overlord x4  
  68  7:10  Overlord  
  68  7:13  Pathogen Glands  
  68  7:15  Zergling x6  
  70  7:21  Baneling Nest  
  70  7:29  Zergling x10  
  75  7:30  Zergling x6  
  78  7:40  Zergling x4  
  78  7:41  Zergling x8  
  83  8:03  Zergling x6  
  83  8:04  Zergling x12  
  92  8:06  Baneling x6  
  92  8:07  Baneling x5  
  92  8:08  Baneling x5  
  92  8:19  Ultralisk Cavern  
  91  8:41  Zergling x8  
  93  8:42  Zergling x10  
  100  8:52  Zergling x6  
  100  8:53  Zergling x4  
  100  8:54  Overlord x4  
Show
View Real Time Build Order
Export as new Build Order

Hindulaatti Protoss - Winner!

Build Orders:  

Get SALT Encoding   

  12  0:01  Probe (Chrono Boost)  
  13  0:11  Probe (Chrono Boost)  
  14  0:19  Pylon  
  14  0:24  Probe (Chrono Boost)  
  15  0:37  Probe (Chrono Boost)  
  15  0:38  Gateway  
  16  0:48  Probe (Chrono Boost)  
  17  0:51  Assimilator  
  17  0:58  Probe (Chrono Boost)  
  18  1:09  Probe (Chrono Boost)  
  19  1:17  Pylon  
  19  1:23  Probe (Chrono Boost)  
  20  1:26  Cybernetics Core  
  20  1:33  Probe (Chrono Boost)  
  21  1:44  Probe (Chrono Boost)  
  22  1:52  Nexus  
  22  1:57  Probe (Chrono Boost)  
  22  2:00  Assimilator  
  23  2:05  Adept  
  23  2:07  Warp Gate (Chrono Boost)  
  24  2:17  Pylon  
  24  2:18  Probe  
  25  2:28  Robotics Facility  
  25  2:32  Probe  
  26  2:44  Probe  
  26  2:49  Adept  
  29  2:56  Probe  
  29  2:58  Pylon  
  30  3:17  Adept  
  32  3:20  Robotics Bay  
  32  3:22  Gateway  
  30  3:42  Immortal  
  34  3:51  Probe  
  34  3:52  Probe  
  34  3:54  Gateway  
  36  3:56  Pylon  
  36  3:57  Adept  
  38  4:13  Probe  
  38  4:14  Probe  
  40  4:20  Adept  
  40  4:21  Disruptor  
  40  4:23  Probe, Sentry  
  47  4:26  Probe  
  49  4:34  Probe  
  50  4:39  Probe  
  50  4:44  Probe  
  51  4:50  Pylon, Adept x2  
  51  4:51  Pylon, Probe  
  57  4:55  Probe  
  58  5:04  Mothership Core, Zealot  
  62  5:15  Adept x2  
  66  5:36  Adept x2  
  66  5:37  Adept  
  66  5:39  Assimilator  
  66  5:40  Assimilator  
  66  5:41  Disruptor  
  75  5:48  Gateway  
  75  5:50  Gateway  
  75  5:54  Gateway  
  75  5:58  Probe  
  75  5:59  Probe  
  75  6:01  Adept x2  
  75  6:02  Adept  
  83  6:09  Probe  
  84  6:12  Probe  
  85  6:19  Probe  
  86  6:44  Pylon  
  86  6:45  Pylon x2  
  86  6:46  Pylon  
  86  6:58  Probe  
  83  7:05  Adept x2  
  83  7:06  Adept x2  
  91  7:12  Disruptor  
  92  7:17  Probe  
  92  7:19  Probe  
  92  7:22  Sentry x2  
  98  7:28  Probe  
  99  7:31  Adept x3, Probe  
  99  7:33  Zealot  
  99  7:37  Nexus  
  108  7:48  Pylon  
  108  7:55  Adept x5  
  118  8:04  Probe  
  118  8:06  Probe  
  118  8:09  Adept  
  120  8:32  Adept x2  
  120  8:33  Adept x3  
  126  8:37  Pylon  
  126  8:48  Pylon x2, Probe x2  
  126  8:49  Probe  
  126  8:51  Pylon  
  126  8:52  Pylon  
  126  8:53  Assimilator  
  126  8:55  Assimilator  
  129  8:57  Pylon  
  129  8:59  Probe x2  
  129  9:02  Probe  
  132  9:09  Stalker x2  
  136  9:10  Stalker x2  
  136  9:13  Nexus  
  140  9:21  Gateway  
  140  9:24  Pylon  
Show
View Real Time Build Order
Export as new Build Order

Lungo Terran 

Build Orders: MMM Bio 

Get SALT Encoding   

  12  0:01  SCV  
  13  0:13  SCV  
  14  0:17  Supply Depot  
  14  0:25  SCV  
  15  0:39  SCV  
  15  0:40  Barracks  
  16  0:45  Refinery  
  16  0:51  SCV  
  17  1:03  SCV  
  18  1:09  Barracks  
  18  1:15  SCV  
  19  1:23  Supply Depot  
  19  1:28  Orbital Command  
  19  1:32  Marine  
  20  1:47  Refinery  
  20  1:50  Marine  
  21  1:56  Barracks Tech Lab  
  21  1:58  SCV  
  22  2:08  Marine  
  22  2:10  SCV  
  24  2:17  Marauder  
  26  2:28  SCV  
  27  2:34  Barracks Reactor  
  27  2:37  Command Center  
  27  2:40  SCV  
  27  2:41  Supply Depot  
  28  2:47  Stimpack  
  28  2:55  Marauder  
  28  2:56  SCV  
  31  3:07  Factory  
  31  3:10  Supply Depot  
  31  3:16  Marine x2  
  33  3:29  Marauder  
  35  3:39  Marine x2  
  37  3:42  SCV  
  38  3:50  Engineering Bay  
  38  3:51  Factory Tech Lab  
  38  3:55  Starport, Orbital Command  
  38  4:02  Marauder  
  40  4:03  Marine  
  40  4:05  Marine  
  42  4:12  SCV  
  43  4:20  Siege Tank  
  43  4:24  SCV x2  
  48  4:32  Refinery, Marine x2  
  48  4:35  Starport Reactor  
  48  4:36  SCV  
  51  4:40  Terran Infantry Weapons Level 1  
  51  4:44  SCV  
  52  4:47  Marauder  
  52  4:48  Concussive Shells  
  54  4:56  SCV  
  54  4:57  SCV  
  54  4:58  Marine x2  
  58  5:04  Siege Tank  
  61  5:12  Refinery  
  61  5:14  Supply Depot  
  61  5:15  Supply Depot  
  61  5:16  SCV  
  62  5:22  Armory  
  62  5:36  SCV x2  
  62  5:38  Medivac x2  
  68  5:43  Marine  
  68  5:44  Marauder, Marine  
  68  5:48  SCV x2  
  74  5:52  Siege Tank  
  77  6:00  SCV  
  77  6:04  Combat Shields  
  78  6:14  Supply Depot  
  78  6:17  Supply Depot  
  78  6:26  Medivac, Marine x3, SCV x2  
  76  6:39  SCV x2  
  78  6:42  Siege Tank  
  78  6:44  Marine  
  81  6:55  Barracks  
  81  6:56  Barracks x2  
  81  6:57  Marauder, Marine  
  81  6:58  Barracks  
  81  7:00  SCV x2  
  86  7:02  Marine  
  87  7:13  Command Center  
  87  7:15  Marine  
  88  7:18  Marine  
  88  7:20  Marine  
  90  7:31  Viking x2  
  94  7:46  Marine x2  
  94  7:47  Marine  
  68  7:57  Barracks Reactor x2  
  68  7:58  Barracks Reactor x2  
  68  8:04  Marauder  
  70  8:15  Supply Depot x2, Marine x2  
  70  8:16  Supply Depot  
  70  8:17  Supply Depot  
  72  8:25  Marauder  
  74  8:32  Marine  
  74  8:33  Marine  
  63  8:36  Marine  
  63  8:37  Marine x7  
  67  8:46  Marine  
  68  8:50  Marine  
  68  8:51  Marine  
  68  8:54  Marine x5  
  71  8:57  Orbital Command  
  70  9:04  Marine  
  70  9:08  Marine  
  59  9:10  Marine  
Show
View Real Time Build Order
Export as new Build Order

Yairou Terran 

Build Orders: MMM Bio 

Get SALT Encoding   

  12  0:00  SCV  
  13  0:13  SCV  
  14  0:18  Supply Depot  
  14  0:25  SCV  
  15  0:40  SCV  
  15  0:41  Barracks  
  16  0:52  SCV  
  17  1:04  Barracks  
  17  1:05  SCV  
  17  1:09  Supply Depot  
  18  1:17  SCV  
  19  1:29  SCV  
  19  1:32  Supply Depot, Marine  
  21  1:41  SCV  
  21  1:44  Refinery  
  21  1:46  Refinery  
  22  1:54  Orbital Command  
  22  1:56  Marine x2  
  24  2:05  Barracks  
  24  2:17  Marine x2  
  24  2:20  SCV  
  27  2:32  SCV  
  27  2:35  Reaper x2  
  30  2:44  SCV  
  31  2:54  Supply Depot  
  31  2:56  SCV  
  31  2:57  Barracks  
  32  3:01  Factory  
  32  3:02  Reaper  
  33  3:08  SCV  
  33  3:10  Barracks Tech Lab  
  33  3:12  Barracks Tech Lab  
  34  3:38  Stimpack  
  34  3:41  SCV  
  35  3:53  SCV  
  35  3:54  Command Center  
  36  3:56  Reaper x2  
  36  4:02  Refinery  
  37  4:03  Refinery  
  35  4:17  SCV  
  35  4:22  Marauder x2  
  40  4:24  Combat Shields  
  40  4:35  Bunker  
  40  4:41  SCV  
  41  4:53  SCV  
  42  5:08  Marauder x2, Marine x2  
  42  5:11  Orbital Command  
  48  5:15  SCV  
  49  5:27  SCV  
  50  5:31  Barracks Tech Lab  
  50  5:37  Barracks Reactor  
  50  5:38  Concussive Shells  
  50  5:39  SCV, Factory Tech Lab  
  51  5:45  SCV  
  52  5:52  Factory, SCV  
  54  5:57  SCV  
  54  5:58  Armory  
  54  6:00  Starport  
  54  6:01  Marauder x3  
  54  6:04  SCV  
  61  6:14  Engineering Bay  
  61  6:18  Engineering Bay  
  61  6:21  SCV  
  62  6:37  Marine, SCV  
  62  6:39  Marine, SCV  
  69  6:40  Marauder x3  
  69  6:44  Supply Depot  
  69  6:45  Supply Depot  
  66  6:49  SCV  
  63  7:13  Marauder x3  
  63  7:14  Marine x2  
  71  7:17  Starport Reactor  
  71  7:20  Terran Vehicle And Ship Armor Level 1  
  71  7:24  SCV x2  
  71  7:28  Factory Tech Lab  
  73  7:30  Siege Tank  
  73  7:32  Marine x2  
  73  7:34  Marauder x3  
  84  7:38  SCV x2  
  86  7:47  Missile Turret  
  86  8:09  Missile Turret  
  86  8:17  Supply Depot x2  
  86  8:19  Supply Depot  
  86  8:23  Marine  
  86  8:24  Marauder x3, Marine  
  86  8:25  Siege Tank  
  54  8:39  Supply Depot  
  54  8:41  Supply Depot, Marine x2  
  50  8:44  Supply Depot  
  50  8:45  Marauder x3  
  50  8:47  Siege Tank  
  59  8:59  Marine x2  
  68  9:07  Marauder x3  
Show
View Real Time Build Order
Export as new Build Order

Facerollol Terran 

Build Orders: MMM Bio 

Get SALT Encoding   

  12  0:03  SCV  
  13  0:15  SCV  
  14  0:22  Supply Depot  
  14  0:27  SCV  
  15  0:43  SCV  
  15  0:48  Barracks  
  16  0:55  SCV  
  17  1:08  SCV  
  18  1:12  Refinery  
  18  1:24  SCV  
  19  1:25  Barracks  
  19  1:36  SCV  
  19  1:38  Marine  
  19  1:39  Supply Depot  
  21  1:48  SCV  
  22  1:54  Refinery  
  22  1:56  Marine  
  22  2:01  Orbital Command  
  23  2:13  Engineering Bay  
  23  2:20  Barracks Tech Lab, Barracks Reactor  
  23  2:27  SCV  
  24  2:39  SCV  
  25  2:47  Factory  
  25  2:49  Marauder  
  27  2:56  Marine x2  
  29  3:04  Supply Depot  
  29  3:08  Combat Shields  
  29  3:14  Marauder  
  31  3:25  Marine x2  
  33  3:27  Supply Depot  
  33  3:35  Marauder  
  35  3:43  Marine x2  
  35  3:44  Factory Tech Lab  
  37  3:54  Supply Depot  
  37  3:56  Marauder  
  37  4:01  Marine x2  
  41  4:12  Widow Mine  
  43  4:18  Marauder  
  43  4:19  Marine x2  
  47  4:26  Concussive Shells  
  47  4:36  Command Center  
  47  4:38  Marine x2  
  47  4:39  Marauder  
  47  4:40  Widow Mine  
  53  4:56  Supply Depot  
  53  5:09  Widow Mine  
  53  5:10  Stimpack  
  53  5:11  Armory  
  55  5:18  Marauder  
  55  5:19  Marine x2  
  59  5:27  Supply Depot  
  59  5:38  Widow Mine  
  59  5:40  Marauder  
  63  5:47  Marine x2  
  63  5:49  Supply Depot  
  65  5:58  Drilling Claws  
  65  6:05  Terran Vehicle Weapons Level 1  
  65  6:06  Marine  
  65  6:07  Siege Tank  
  65  6:09  Marine  
  70  6:15  SCV  
  71  6:24  Marine  
  74  6:26  Marauder, Marine  
  74  6:27  SCV  
  76  6:39  SCV  
  74  6:51  SCV  
  67  7:13  Widow Mine  
  69  7:31  Terran Infantry Weapons Level 1  
  69  7:32  Marine x2  
  69  7:35  Marauder  
  73  7:41  Widow Mine  
  73  7:42  SCV  
  76  7:49  Marine  
  76  7:50  Marine  
  75  7:56  Marauder  
  72  8:07  Marine x2  
  72  8:10  Widow Mine  
  76  8:17  Marauder  
  78  8:38  Command Center  
  78  8:53  Widow Mine  
Tags
 
Add a new tag
Caveats
  • Supply blocks, unpowered buildings, or Contaminate may cause inaccurate times.
  • Supply counts are checked every 10 seconds.